cohdb
Replays
Latest Replays
All Replays
Popular Replays
Top Player Replays
Match Explorer
How It Works
Community
CoH3 Stats
Reddit
Sign in to upload your games and track your stats! →
Sign in with Steam
Match 43400557
Unlisted
Match 43400557
Overview
Messages
Build Orders
End
Selects Special Operations Battlegroup
Selects M29 Weasel Recon Vehicle
M29 Weasel Recon Vehicle
Construct Barracks
Riflemen Squad
Riflemen Squad
Riflemen Squad
Mechanized Support Center
Engineer Squad
Selects Raiding Flares
Selects SSF Commando Squad
SSF Commando Squad
M1918 Browning Automatic Rifles
Engineer Squad
SSF Commando Squad
Construct Tank Depot
Grenade Package
SSF Commando Squad
M4A1 Sherman Medium Tank
Selects Assault Operation
Selects P-47 Anti-Infantry Loiter
Selects UNKNOWN (2162291)
SSF Commando Squad
M4A1 Sherman Medium Tank
Bran
DrewP
Competitor
Noxrige
0
0
Comments
sign in to comment!
No comments posted yet!